 Dungeon Crawl Stone Soup version 0.19.0-22-gd96e5fe (webtiles) character file.

1189 smedtjen the Conjurer (level 8, 0/59 HPs)
             Began as a Demigod Fire Elementalist on Nov 18, 2016.
             Blown up by an eye of devastation (shapeshifter) (37 damage)
             ... with a bolt of energy
             ... on level 4 of the Dungeon.
             The game lasted 00:37:44 (9725 turns).

smedtjen the Conjurer (Demigod Fire Elementalist)   Turns: 9725, Time: 00:37:53

Health: 0/59       AC:  2    Str: 11    XL:     8   Next: 0%
Magic:  4/18       EV: 13    Int: 23    God:
Gold:   99         SH:  0    Dex: 16    Spells: 2 memorised, 13 levels left

rFire  + . .     SeeInvis .     I - +2 flail (crush)
rCold  x . .     Gourm    .     K - +0 robe (curse)
rNeg   . . .     Faith    .     (no shield)
rPois  +         Spirit   .     (no helmet)
rElec  .         Reflect  .     (no cloak)
rCorr  .         Harm     .     (no gloves)
MR     .....                    (no boots)
Stlth  ++........               (no amulet)
                                L - ring of poison resistance
                                f - ring of fire

@: no status effects
A: high mp 1
a: no special abilities


You were on level 4 of the Dungeon.
You were not hungry.

You visited 1 branch of the dungeon, and saw 4 of its levels.

You collected 183 gold pieces.
You spent 84 gold pieces at shops.

Inventory:

Hand Weapons
 s - a +0 rapier
 t - a +1 dagger of venom
 u - a +0 long sword
 v - a cursed -1 hand axe
 E - a +0 hand crossbow
 I - a +2 flail of crushing (weapon)
 J - a cursed +0 shortbow
Missiles
 a - 60 sling bullets
 c - 84 arrows
 e - 11 poisoned needles
 l - 140 stones (quivered)
 M - an exploding tomahawk
Armour
 m - a +0 robe
 D - a +0 ring mail of positive energy
 G - a +0 robe
 K - a cursed +0 robe (worn)
Jewellery
 f - a ring of fire (left hand)
 A - an uncursed amulet of the gourmand {unknown}
 L - a ring of poison resistance (right hand)
Wands
 i - a wand of digging (8/24)
 y - a wand of heal wounds (2/9)
Scrolls
 o - a scroll of amnesia
 p - a scroll of teleportation
 r - a scroll of magic mapping
 x - a scroll of blinking
 B - a scroll of fear
 F - a scroll of identify
Potions
 d - a potion of might {unknown}
 g - a potion of degeneration {unknown}
 h - a potion of flight {unknown}
 j - a potion of brilliance {unknown}
 k - a potion of curing {unknown}
 q - a potion of cancellation {unknown}
 w - a potion of magic {unknown}
 z - a potion of heal wounds {unknown}
 C - a potion of lignification {unknown}
Books
 b - a book of Flames

   Spells                             Type                      Level
   a - Flame Tongue                   Conjuration/Fire             1
   b - Throw Flame                    Conjuration/Fire             2
   c - Conjure Flame                  Conjuration/Fire             3
   d - Inner Flame                    Hexes/Fire                   3
   e - Sticky Flame                   Conjuration/Fire             4
   f - Fireball                       Conjuration/Fire             5
Comestibles
 n - 2 beef jerkies


   Skills:
 + Level 1.4 Fighting
 + Level 2.9 Dodging
 + Level 2.7 Stealth
 + Level 0.3 Unarmed Combat
 + Level 4.9 Spellcasting
 * Level 5.1 Conjurations
 + Level 4.5 Fire Magic


You had 13 spell levels left.
You knew the following spells:

 Your Spells              Type           Power        Failure   Level  Hunger
a - Flame Tongue          Conj/Fire      #####        1%          1    None
b - Throw Flame           Conj/Fire      #####.       1%          2    None


Dungeon Overview and Level Annotations

Branches:
Dungeon (4/15)
 Temple: D:4-7

Shops:
D:4 *


Innate Abilities, Weirdness & Mutations

You have an increased reservoir of magic. (+10% MP)


Message History

Confirm with . or Enter, or press ? or * to list all spells.
Aiming: Flame Tongue
Press: ? - help, Shift-Dir - straight line, f/p - eye of devastation
Aim: an eye of devastation shaped shifter (moderately wounded)
You feel a surge of power!
The flame tongue hits the eye of devastation.
The eye of devastation is moderately wounded.
Casting: Flame Tongue
Confirm with . or Enter, or press ? or * to list all spells.
Aiming: Flame Tongue
Press: ? - help, Shift-Dir - straight line, f/p - eye of devastation
Aim: an eye of devastation shaped shifter (moderately wounded)
You feel a surge of power!
The flame tongue hits the eye of devastation.
The eye of devastation appears unharmed.
The eye of devastation is moderately wounded.
The eye of devastation gazes at you. The bolt of energy hits you!
Ouch! That really hurt!
You die...

#.##
##...>......##...##
#.#
##...>.<..########
## ##......## # ###
#.....## #.##
#...### ##.##
###..## ##.###
##...##
##..#####.G.##
##.......@##
###.......#
#.###...#
#.......##
#........##
#.........##
##....#.....#
##...#####...#
##....# #...##


You could see an eye of devastation shaped shifter.

Vanquished Creatures
  Eustachio (D:4)
  2 phantoms (D:4)
  An ogre (D:4)
  A centaur (D:3)
  The ghost of dscm the Charlatan, an amateur OpAr (D:3)
  A bullfrog (D:3)
  2 howler monkeys (D:4)
  A hound (D:4)
  2 orc priests (D:4)
  5 orc wizards
  2 worker ants (D:4)
  Ijyb (D:3)
  6 adders
  An ooze (D:1)
  An adder skeleton (D:4)
  3 worms
  A dart slug (D:1)
  2 leopard geckos
  25 orcs
  A ball python (D:1)
  5 giant cockroaches
  7 goblins
  4 hobgoblins
  2 jackals (D:3)
  4 quokkas
  8 bats
  5 frilled lizards
  10 kobolds
  A leopard gecko skeleton (D:4)
  13 rats
119 creatures vanquished.

Notes
Turn   | Place    | Note
-------+----------+-------------------------------------------
     0 | D:1      | smedtjen the Demigod Fire Elementalist began the quest for the Orb.
     0 | D:1      | Reached XP level 1. HP: 14/14 MP: 5/5
   141 | D:1      | Reached XP level 2. HP: 9/20 MP: 0/7
   338 | D:1      | Learned a level 2 spell: Throw Flame
   516 | D:1      | Reached skill level 1 in Conjurations
  2008 | D:2      | Reached XP level 3. HP: 27/27 MP: 6/9
  3160 | D:3      | Noticed Ijyb
  3169 | D:3      | Killed Ijyb
  3169 | D:3      | Reached XP level 4. HP: 22/34 MP: 0/10
  4078 | D:3      | Noticed a bullfrog
  4130 | D:3      | Killed a bullfrog
  4130 | D:3      | Reached skill level 2 in Conjurations
  4130 | D:3      | Reached XP level 5. HP: 38/39 MP: 7/12
  4355 | D:3      | Noticed dscm's ghost (amateur OpAr)
  4368 | D:3      | Killed dscm's ghost
  5433 | D:3      | Noticed a centaur
  5503 | D:3      | Killed a centaur
  5503 | D:3      | Reached XP level 6. HP: 21/46 MP: 1/14
  6013 | D:4      | Found Fuafophexesm's Assorted Antiques.
  6024 | D:4      | Bought a scroll of remove curse for 63 gold pieces
  6042 | D:4      | Bought a scroll labeled FAONNUMNUA for 21 gold pieces
  6086 | D:4      | Reached skill level 3 in Conjurations
  6952 | D:4      | Reached skill level 1 in Fighting
  7587 | D:4      | Reached XP level 7. HP: 52/52 MP: 4/16
  7709 | D:4      | Reached skill level 4 in Conjurations
  7921 | D:4      | Noticed Eustachio
  7930 | D:4      | Killed Eustachio
  8590 | D:4      | Reached skill level 5 in Conjurations
  9088 | D:4      | Found a burning altar of Makhleb.
  9088 | D:4      | Noticed a cacodemon
  9092 | D:4      | Noticed a neqoxec
  9092 | D:4      | Noticed a smoke demon
  9299 | D:4      | Reached XP level 8. HP: 59/59 MP: 13/18
  9714 | D:4      | Noticed a moth of wrath
  9715 | D:4      | Noticed an eye of devastation
  9715 | D:4      | a moth of wrath changed into an eye of devastation
  9725 | D:4      | Blown up by an eye of devastation (shapeshifter)

Skill      XL: |  1  2  3  4  5  6  7 |
---------------+----------------------+-----
Dodging        | 2 |  2.9
Spellcasting   | 2 3 4 |  4.9
Conjurations   | 1 2 3 5 |  5.1
Stealth        | 2 |  2.7
Fire Magic     | 3 4 |  4.5
Fighting       | 1 |  1.4
Unarmed Combat | |  0.3

Action                   |  1- 3 |  4- 6 |  7- 9 || total
-------------------------+-------+-------+-------++-------
Melee: Unarmed           |    13 |       |       ||    13
       Dagger            |     3 |       |       ||     3
       Long sword        |     9 |     7 |       ||    16
       Flail             |       |     6 |     1 ||     7
 Cast: Flame Tongue      |    59 |    45 |    49 ||   153
       Throw Flame       |    21 |    77 |    38 ||   136
  Use: Scroll            |     7 |     7 |       ||    14
  Eat: Bread ration      |     2 |     1 |     2 ||     5
       Chunk             |     1 |     2 |     2 ||     5
       Pizza             |       |     1 |       ||     1
       Meat ration       |       |     1 |       ||     1
Armor: Robe              |     6 |     3 |     1 ||    10
Dodge: Dodged            |    28 |    41 |    17 ||    86
       Rpst.: Long sword |     3 |     8 |       ||    11
